puck, lawful female human Valkyrie ------------------------ ----- |.@..|.....-....+...... +...| --------- |.|..|.....|.......|..| . |...| |...*...| |.----|--.--....-..-|--+.----...| -....<..| |..................[............| |.......| |.-|-----+--.......-|..---)--...| --.------ ----------- |.|..| |......{|....|...|...| ##### |.........| |.|..| |.......|....|!%%|...| # |..........#### |.---- -----.......|.._.|%%(|...|# ### |.>.......| # |.q...........{....|)...|%%I|....# # ----------- #### |@-------+-------...--------|...|### ### ######..|.!?(| |.+.. +...|# ) # ###|.-.%((| +.|... |...| ### ### #+.|.?(?| |. ... |.... # ####### # |.---------------.-----------...| ### ---.---.- |...............................| # |.......| --------------------------------- ........| --------- puck the Fighter Experience level: 6 Strength: 20 Dexterity: 15 Constitution: 16 Intelligence: 7 Wisdom: 12 Charisma: 7 Health: 0(46) Energy: 13(13) Def: 6 Gold: 0 Moves: 2784 Dungeon seed: ET2snb-Qez0mtovR Game ID: puck_1559738049 Your Inventory: Weapons b - 2 uncursed +0 daggers j - a blessed +0 katana (wielded in other hand) l - an uncursed +0 orcish dagger p - the blessed rustproof +1 Excalibur (weapon in hand) Armor e - an uncursed +3 small shield n - a blessed +0 pair of water walking boots (being worn) q - an uncursed +0 studded leather armor (being worn) r - an uncursed +1 mummy wrapping y - an uncursed +0 dwarvish cloak (being worn) z - an uncursed +0 dwarvish iron helm (being worn) Comestibles v - an uncursed egg C - an uncursed banana Wands E - an uncursed wand of cancellation (0:6) Tools a - an uncursed bag of holding B - 2 uncursed tallow candles (0:200) Contents of the bag of holding: 273 gold pieces 3 uncursed food rations an uncursed potion of fruit juice an uncursed potion of paralysis an uncursed potion of sleeping an uncursed potion of speed an uncursed -5 ring of searching an uncursed can of grease (0:22) an uncursed leash an uncursed oil lamp (0:1288) Spells and supernatural/magical abilities: Name Level Category Cost Memory W - pray for help -- divine ? -- Your skills at the end: Fighting Skills two weapon combat [Basic] wands [Basic] Weapon Skills dagger [Basic] long sword [Skilled] Spellcasting Skills Final Attributes: You were piously aligned. You were immune to cold. You were level-drain resistant. You were cancelled. You were stealthy. You could walk on water. You were wielding two weapons at once. You were lucky. Tyr was slightly pleased with you. You are dead. Vanquished creatures: a leprechaun a gnome king an orc mummy a jaguar 5 gnome lords 2 gnomish wizards 2 dwarves 4 dwarf zombies 5 iguanas 4 coyotes 4 giant rats 2 green molds 19 gnomes 6 geckos 2 jackals a goblin 3 sewer rats 5 grid bugs a lichen a kobold zombie 2 newts 72 creatures vanquished. Voluntary challenges: You used a wielded weapon 81 times, starting on turn 143. You were illiterate. You never genocided any monsters. You never polymorphed an object. You never changed form. You used no wishes. You never split a pudding. You never wrote Elbereth's name. You never violated your personal moral code. Dungeon overview: The Dungeons of Doom: levels 1 to 4 Level 1 some fountains, a vault a long staircase Level 2 a weapon shop, a fountain, a vault Level 3 a vault Level 4 an altar to Odin stairs to The Gnomish Mines The Gnomish Mines: levels 5 to 8 Level 5 stairs to The Dungeons of Doom Level 6 Level 7 Level 8 <- You were here some shops, a temple to Tyr, some fountains History has recorded: On T:1 you entered the Dungeons of Doom to retrieve the Amulet of Yendor! On T:51 you reached level 2 of The Dungeons of Doom. On T:436 you reached level 3 of The Dungeons of Doom. On T:809 you advanced to experience level 2. On T:923 you reached level 4 of The Dungeons of Doom. On T:1159 you reached level 1 of The Gnomish Mines. On T:1161 you advanced to experience level 3. On T:1197 you advanced to experience level 4. On T:1513 you advanced to experience level 5. On T:2060 you reached level 2 of The Gnomish Mines. On T:2099 you reached level 3 of The Gnomish Mines. On T:2154 you advanced to experience level 6. On T:2300 you reached level 4 of The Gnomish Mines. Score breakdown: Gold: 273 ( 8292 points) Experience: 6 levels (12456 points) Exploration: 8 levels ( 16.67%) (11577 points) Discoveries: 2 items ( 0.80%) ( 2683 points) Valuables value: (no points given unless you survive) Artifact value: 4000 (12253 points) Variety of kills: 21 monsters ( 5.53%) ( 7052 points) Turncount: 2784 turns ( -489 points) Survival: died (score multiplied by 80%) Total score: 43059 Latest messages: You hear some noises in the distance. (3x) It doesn't feel cold. (2x) You hear a nearby zap. You hear a blast. The dungeon acoustics noticeably change. You hear crashing rock. (3x) You stop exploring. You hear a door open. You stop exploring. You miss the jackal. The jackal bites! You feel more confident in your fighting skills. You kill the jackal! You see here a female jackal corpse. You are now more skilled in two weapon combat. This female jackal corpse tastes terrible! You stop eating. [5 turns] You stop eating. [2 turns] You miss the mumak. The mumak butts! The mumak bites! You die... Final status: Farvel puck the Valkyrie, killed by a mumak... You died in The Gnomish Mines on dungeon level 8 with 43059 points, and 273 pieces of gold, after 2784 moves. You were level 6 with a maximum of 46 hit points when you died.